 Dungeon Crawl Stone Soup version 0.27.1 (webtiles) character file.

Game seed: 8854817807629935604

175 ZARRMARR the Cudgeller (level 5, -3/44 HPs)
             Began as a Palentonga Fighter on Aug 23, 2021.
             Slain by Sigmund (12 damage)
             ... on level 4 of the Dungeon.
             The game lasted 00:12:23 (3059 turns).

ZARRMARR the Cudgeller (Palentonga Fighter)         Turns: 3059, Time: 00:12:23

Health: -3/44      AC:  6    Str: 21    XL:     5   Next: 29%
Magic:  5/5        EV:  5    Int:  8    God:
Gold:   117        SH:  0    Dex:  9    Spells: 4/4 levels left

rFire    . . .     SeeInvis +   h - +2 morningstar (holy)
rCold    . . .     Faith    .   c - +0 kite shield
rNeg     . . .     Spirit   .   b - +0 scale mail
rPois    .         Reflect  .   (no helmet)
rElec    .         Harm     .   (no cloak)
rCorr    .         Rampage  .   (no gloves)
Will     .....                  (no barding)
Stlth    ..........             (no amulet)
HPRegen  0.14/turn              (no ring)
MPRegen  0.09/turn              (no ring)

@: confused
A: large, rugged brown scales 3, see invisible, deformed body, roll 1, armoured
tail, mutation resistance 1
a: Rolling Charge


You were on level 4 of the Dungeon.
You visited 1 branch of the dungeon, and saw 4 of its levels.

You collected 117 gold pieces.

Inventory:

Hand Weapons
 h - a +2 morningstar of holy wrath (weapon)
Missiles
 a - 15 poisoned darts
 g - 183 stones
 l - 4 javelins (quivered)
Armour
 b - a +0 scale mail (worn)
 c - a +0 kite shield (worn)
Jewellery
 e - a ring of fire
Wands
 d - a wand of iceblast (4)
Scrolls
 j - a scroll of magic mapping
 k - a scroll of vulnerability
 m - a scroll of teleportation {unknown}
Potions
 i - a potion of curing


   Skills:
 + Level 3.8 Fighting
 + Level 4.0 Maces & Flails
 - Level 2.4 Armour
 + Level 3.4 Shields


You had 4 spell levels left.
You didn't know any spells.
Your spell library was empty.

Dungeon Overview and Level Annotations

Branches:
Dungeon (4/15)
 Temple: D:4-7

Altars:
Dithmenos
Okawaru

Shops:
D:1 !:[

Annotations:
D:4 Sigmund


Innate Abilities, Weirdness & Mutations

You are completely covered in rugged brown scales. (AC +3, +7% HP)
You have supernaturally acute eyesight. (SInv)
Armour fits poorly on your strangely shaped body.
You can roll at nearby foes to attack.
You have a long armoured tail.
You are somewhat resistant to further mutation.


Message History

You feel much better. You block Sigmund's attack.
You closely miss Sigmund.
Sigmund is lightly wounded.
Sigmund hits you with a +0 scythe!
You barely miss Sigmund.
Sigmund is lightly wounded.
Sigmund gestures at you while chanting. The magic dart hits you!
You barely miss Sigmund.
Sigmund is lightly wounded.
Sigmund hits you with a +0 scythe!
* * * LOW HITPOINT WARNING * * *
It was a potion of mutation.
You feel extremely strange.
You feel genetically stable. Sigmund casts a spell at you.
You resist with some effort.
Unknown command.
Unknown command.
You closely miss Sigmund. You tail-slap Sigmund.
Sigmund is lightly wounded.
Sigmund casts a spell at you.
You are confused.
You are too confused!
You barely miss Sigmund.
Sigmund is lightly wounded.
Sigmund hits you but does no damage.
You puncture Sigmund!
Your tail-slap misses Sigmund.
Sigmund is severely wounded.
Sigmund hits you but does no damage.
You miss Sigmund.
Your tail-slap misses Sigmund.
Sigmund is severely wounded.
Sigmund mumbles some strange words.
Sigmund flickers and vanishes for a moment.
Sigmund hits you with a +0 scythe.
* * * LOW HITPOINT WARNING * * *
Non-targeted confused throw: 4 javelins
Press: ? - help, Q - select action, (/) - cycle Dir - look around, f - activate
Okay, then.
Sigmund hits you from afar with a +0 scythe!
You die...

#........# .. .
#<.......##... ..
#............. ...
#.............
....#.....<.......
..................
..................
..................
......@.@.........
..#...............
#......#.......#..
##.(...#......##..
##....#(....##
##...#....##
##..#...## #..##


You could see Sigmund (invisible).

Vanquished Creatures
  Natasha (thrice) (D:2)
  3 adders
  An adder skeleton (D:3)
  A dart slug (D:1)
  4 orcs (D:3)
  7 ball pythons
  6 bats
  6 endoplasms
  3 goblins
  5 hobgoblins
  6 jackals
  7 quokkas
  3 frilled lizards (D:3)
  4 kobolds
  4 rats
63 creatures vanquished.

Notes
Turn   | Place    | Note
-------+----------+-------------------------------------------
     0 | D:1      | ZARRMARR the Palentonga Fighter began the quest for the
                  | Orb.
     0 | D:1      | Reached XP level 1. HP: 19/19 MP: 1/1
   251 | D:1      | Found Zain's Armour Emporium.
   278 | D:1      | Reached XP level 2. HP: 24/25 MP: 2/2
   309 | D:1      | Found Vaynerr's Book Boutique.
   837 | D:1      | Found a faded altar of an unknown god.
   844 | D:1      | Found Jeagutz's Distillery.
  1327 | D:2      | Reached XP level 3. HP: 31/31 MP: 3/3
  1434 | D:2      | Noticed Natasha
  1442 | D:2      | Killed Natasha
  1540 | D:2      | Noticed Natasha
  1545 | D:2      | Killed Natasha
  1546 | D:2      | Reached skill level 3 in Maces & Flails
  1546 | D:2      | Reached XP level 4. HP: 30/38 MP: 4/4
  1594 | D:2      | Noticed Natasha
  1601 | D:2      | Killed Natasha
  2252 | D:3      | Reached XP level 5. HP: 39/44 MP: 5/5
  2704 | D:3      | Reached skill level 4 in Maces & Flails
  2708 | D:3      | Found a shadowy altar of Dithmenos.
  2709 | D:3      | Found an iron altar of Okawaru.
  3039 | D:4      | Noticed Sigmund
  3053 | D:4      | Gained mutation: You are somewhat resistant to further
                  | mutation. [potion of mutation]
  3059 | D:4      | Slain by Sigmund

Illustrated notes

Levels and vault maps discovered:
D:1:      sevenhm_arrival_forest_fort_large_1, layout_basic,
          basic_ecumenical_altar, serial_shops, nicolae_shop_behind_doors, shop,
          shop, chequers_serial_rivers_micro_b
D:2:      layout_rooms, minmay_tromino_i4, uniq_natasha
D:3:      layout_basic, mainiacjoe_overflow_divided_tiny
D:4:      layout_basic, kennysheep_little_box, makhleb_blood_cavern_becter,
          nicolae_ashenzari_panopticon, uniq_sigmund

Skill      XL: |  1  2  3  4  5 |
---------------+----------------+-----
Shields        | 3 |  3.4
Maces & Flails | 3 4 |  4.0
Fighting       | |  3.8
Armour         | |  2.4

Action                   |  1- 3 |  4- 6 || total
-------------------------+-------+-------++-------
Melee: Flail             |    62 |       ||    62
       Tailslap          |     5 |     7 ||    12
       Morningstar       |    18 |    96 ||   114
Throw: Stone             |     2 |     2 ||     4
       Javelin           |       |     6 ||     6
 Abil: Rolling Charge    |    20 |    16 ||    36
  Use: Scroll            |     2 |     4 ||     6
       Potion            |       |     2 ||     2
Armor: Scale mail        |    45 |    58 ||   103
Dodge: Dodged            |    27 |    20 ||    47
Block: Kite shield       |    35 |    41 ||    76
